 Dungeon Crawl Stone Soup version 0.22.1-6-g1668fe2c40 (webtiles) character file.

10229 Kohma the Draconian Aeon (level 11, -7/86 HPs)
             Began as a Green Draconian Transmuter on Jan 28, 2019.
             Was the Champion of Cheibriados.
             Killed from afar by Azrael (28 damage)
             ... with damnation
             ... on level 12 of the Dungeon.
             The game lasted 00:46:26 (12112 turns).

Kohma the Draconian Aeon (DrTm)                    Turns: 12112, Time: 00:46:26

Health: -7/86      AC: 14    Str: 27    XL:     11   Next: 33%
Magic:  5/18       EV: 20    Int: 31    God:    Cheibriados [******]
Gold:   633        SH:  0    Dex: 28    Spells: 5/14 levels left

rFire    . . .     SeeInvis +     - Unarmed
rCold    . . .     Gourm    .   (no shield)
rNeg     . . .     Faith    .   (armour unavailable)
rPois    +         Spirit   .   u - +0 hat
rElec    .         Reflect  .   H - +0 cloak
rCorr    +         Harm     .   p - +2 pair of gloves
MR       .....                  f - +2 pair of boots {Stlth+}
Stlth    ++++......             (no amulet)
HPRegen  0.24/turn              k - ring of see invisible
MPRegen  0.16/turn              v - ring of resist corrosion

@: very slow
A: breathe noxious fumes, unfitting armour, poison resistance, cold-blooded, AC
+7
a: Breathe Noxious Fumes, Bend Time, Temporal Distortion, Slouch, Step From
Time, Renounce Religion


You were on level 12 of the Dungeon.
You worshipped Cheibriados.
Cheibriados was exalted by your worship.
You were not hungry.

You visited 2 branches of the dungeon, and saw 13 of its levels.

You collected 633 gold pieces.

Inventory:

Hand Weapons
 m - a +1 hunting sling
 K - a +3 blowgun
Missiles
 a - 50 arrows
 e - 382 stones
 C - a javelin (quivered)
Armour
 f - a +2 pair of boots of stealth (worn)
 j - a +2 pair of boots of flying
 p - a +2 pair of gloves (worn)
 u - a +0 hat (worn)
 G - a cursed +0 buckler
 H - a +0 cloak (worn)
Jewellery
 k - a ring of see invisible (left hand)
 v - a ring of resist corrosion (right hand)
Wands
 r - a wand of flame (30)
 w - a wand of polymorph (4)
 y - a wand of digging (15)
 J - a wand of paralysis (14)
Scrolls
 g - 5 scrolls of magic mapping
 i - 3 scrolls of fear
 l - 14 scrolls of remove curse
 q - 2 scrolls of identify
 t - 4 scrolls of amnesia
 D - a scroll of blinking
 E - a scroll of enchant armour
 L - a scroll of enchant weapon
 M - 2 scrolls of teleportation
Potions
 b - a potion of cancellation
 d - 2 potions of mutation
 h - 4 potions of lignification
 n - 3 potions of curing
 o - a potion of might {unknown}
 x - a potion of brilliance
 z - 2 potions of agility
 A - 2 potions of magic
 B - a potion of heal wounds
 F - a potion of flight {unknown}
 I - a potion of degeneration {unknown}
Miscellaneous
 s - a phial of floods
Comestibles
 c - 27 rations


   Skills:
 - Level 5.0 Fighting
 + Level 7.6 Dodging
 + Level 3.1 Stealth
 + Level 9.8 Unarmed Combat
 - Level 2.0 Spellcasting
 + Level 6.4 Transmutations
 - Level 2.0 Ice Magic
 - Level 4.0 Poison Magic
 - Level 10.0 Invocations


You had 5 spell levels left.
You knew the following spells:

 Your Spells              Type           Power        Failure   Level  Hunger
b - Sticks to Snakes      Tmut           #####...     1%          2    ##.....
c - Spider Form           Tmut/Pois      #####.....   2%          3    ###....
d - Ice Form              Ice/Tmut       ####....     13%         4    ####...

Your spell library contained the following spells:

 Spells                   Type           Power        Failure   Level  Hunger
 Beastly Appendage        Tmut           #####.       1%          1    None
 Blade Hands              Tmut           #####.....   14%         5    ######.


Dungeon Overview and Level Annotations

Branches:
Dungeon (12/15)            Temple (1/1) D:6            Lair (0/6) D:10
    Orc: D:9-12

Altars:
Ashenzari
Cheibriados
Dithmenos
Elyvilon
Fedhas
Gozag
Hepliaklqana
Kikubaaqudgha
Makhleb
Nemelex Xobeh
Okawaru
Qazlal
Ru
Sif Muna
Trog
Uskayaw
Vehumet
Wu Jian
Xom
Yredelemnul
Zin
The Shining One
Lugonu

Annotations:
D:12 Azrael


Innate Abilities, Weirdness & Mutations

You can breathe blasts of noxious fumes.
Your lurid green scales are hard. (AC +7)
You cannot fit into any form of body armour.
Your system is resistant to poisons. (rPois)
You are cold-blooded and may be slowed by cold attacks.


Message History

The fireball explodes!
The fireball engulfs your ball python.
Your ball python dies!
The fireball engulfs your ball python.
Your ball python dies!
The fireball engulfs you!
* * * LOW HITPOINT WARNING * * *
The fireball engulfs Azrael.
Azrael completely resists.
You hit Azrael but do no damage. You tail-slap Azrael.
Azrael is almost dead.
Azrael gestures at you. The sticky flame misses you.
Casting: Sticks to Snakes (safe; 1% risk of failure)
Confirm with . or Enter, or press ? or * to list all spells.
You create a snake!
You now have 50 arrows.
Azrael hits you but does no damage.
You hit Azrael but do no damage.
Azrael is almost dead.
Your adder barely misses Azrael.
Azrael gestures at you.
The sphere of damnation explodes!
The damnation engulfs you!
You die...

## .. ##+# .# #...#
.# .....# ###.#
......# ##.#.#
.....†R####....######
.....S.@S....<.......
.......####....######
......# #.......#
.....# #.........#
#...# #..###..#.#
##+# #.. ..#.# #..
..# # #.. #.#


You could see Azrael, a friendly adder and a friendly ball python.

Vanquished Creatures
  A two-headed ogre (D:10)
  An ugly thing (D:11)
  Maurice (D:8)
  A manticore (D:8)
  Joseph (D:9)
  A centaur zombie (D:11)
  2 komodo dragons (D:10)
  A troll (D:9)
  Grinder (D:3)
  A hornet (D:11)
  2 hippogriffs
  A spriggan (D:7)
  A wraith (D:10)
  3 yaks (D:12)
  2 fire elementals (D:12)
  3 hell hounds (D:12)
  An ice beast (D:6)
  2 orc warriors
  A necrophage (D:11)
  3 sky beasts
  3 phantoms
  7 ogres
  3 centaurs
  A big kobold (D:10)
  2 bullfrogs (D:7)
  5 scorpions
  6 killer bees (D:11)
  4 wights (D:9)
  An electric eel (D:9)
  4 howler monkeys
  5 crimson imps
  6 jellies
  6 orc priests
  A bullfrog skeleton (D:5)
  7 hounds
  An iguana (D:5)
  3 orc wizards
  Ijyb (D:3)
  7 worker ants
  3 worker ant zombies
  Robin (D:3)
  14 adders
  3 shadow imps
  An adder skeleton (D:4)
  2 adder zombies
  3 worms
  6 leopard geckos
  15 orcs
  A ball python (D:3)
  7 giant cockroaches
  14 goblins
  11 hobgoblins
  14 jackals
  9 kobolds
  5 quokkas
  11 bats
  9 frilled lizards
  A jackal skeleton (D:7)
  11 rats
244 creatures vanquished.

Vanquished Creatures (collateral kills)
  Psyche (D:11)
  A centaur skeleton (D:9)
  A troll (D:10)
  A hornet (D:9)
  A hippogriff (D:8)
  A basilisk (D:11)
  2 hungry ghosts (D:9)
  2 phantoms
  A crocodile (D:7)
  A howler monkey (D:9)
  2 crimson imps
  An orc priest (D:8)
  A worker ant (D:10)
  2 adders (D:11)
  4 orcs
  A bat (D:3)
23 creatures vanquished.

Vanquished Creatures (others)
  A bullfrog skeleton (D:7)
  A plant (D:10)
2 creatures vanquished.

Grand Total: 269 creatures vanquished

Notes
Turn   | Place    | Note
-------+----------+-------------------------------------------
     0 | D:1      | Kohma the Draconian Transmuter began the quest for the Orb.
     0 | D:1      | Reached XP level 1. HP: 16/16 MP: 3/3
   423 | D:1      | Reached XP level 2. HP: 23/23 MP: 3/5
  1027 | D:2      | Found a snail-covered altar of Cheibriados.
  1056 | D:2      | Became a worshipper of Cheibriados the Contemplative
  1063 | D:2      | Reached XP level 3. HP: 28/28 MP: 4/6
  1643 | D:2      | Learned a level 2 spell: Sticks to Snakes
  1647 | D:2      | Learned a level 3 spell: Spider Form
  1761 | D:2      | Found a shattered altar of Ashenzari.
  1838 | D:2      | Reached * piety under Cheibriados
  1969 | D:2      | Reached XP level 4. HP: 31/35 MP: 7/7
  2529 | D:3      | Reached ** piety under Cheibriados
  2556 | D:3      | Noticed Ijyb
  2565 | D:3      | Killed Ijyb
  2646 | D:3      | Reached XP level 5. HP: 39/40 MP: 6/8
  2782 | D:3      | Noticed Robin
  2791 | D:3      | Killed Robin
  2926 | D:3      | Noticed Grinder
  2944 | D:3      | Paralysed by Grinder for 6 turns
  2955 | D:3      | Killed Grinder
  2955 | D:3      | Reached skill level 5 in Transmutations
  2955 | D:3      | Reached XP level 6. HP: 15/47 MP: 3/9
  3751 | D:4      | Reached skill level 5 in Unarmed Combat
  3850 | D:4      | Reached *** piety under Cheibriados
  3850 | D:4      | Reached skill level 1 in Poison Magic
  3850 | D:4      | Your scales start taking on a lurid green colour.
  3850 | D:4      | Reached XP level 7. HP: 44/52 MP: 10/10
  3850 | D:4      | Gained mutation: Your system is resistant to poisons.
                  | (rPois) [Green Draconian growth]
  3990 | D:4      | Found a radiant altar of Vehumet.
  4226 | D:4      | Learned a level 4 spell: Ice Form
  4476 | D:5      | Entered Level 5 of the Dungeon
  4619 | D:5      | Found an ornate altar of the Wu Jian Council.
  4682 | D:5      | Found a basalt altar of Yredelemnul.
  4938 | D:5      | Found a blossoming altar of Fedhas.
  5088 | D:5      | Found a sparkling altar of Nemelex Xobeh.
  5124 | D:5      | Reached **** piety under Cheibriados
  5173 | D:5      | Reached skill level 1 in Ice Magic
  5183 | D:5      | Reached XP level 8. HP: 58/63 MP: 11/11
  5726 | D:6      | Reached skill level 1 in Invocations
  5935 | D:6      | Found a snail-covered altar of Cheibriados.
  5980 | D:6      | Found a staircase to the Ecumenical Temple.
  6000 | D:6      | Reached skill level 2 in Invocations
  6002 | Temple   | Entered the Ecumenical Temple
  6110 | D:6      | Reached skill level 3 in Invocations
  6276 | D:6      | Got a faintly glowing robe
  6293 | D:6      | Found a sacrificial altar of Ru.
  6765 | D:7      | Reached ***** piety under Cheibriados
  6844 | D:7      | Reached skill level 4 in Invocations
  6845 | D:7      | Reached XP level 9. HP: 73/73 MP: 12/12
  6920 | D:7      | Reached skill level 5 in Fighting
  7039 | D:7      | Found a sacrificial altar of Ru.
  7039 | D:7      | Found a burning altar of Makhleb.
  7039 | D:7      | Found a glowing silver altar of Zin.
  7048 | D:7      | Found a shimmering altar of Xom.
  7092 | D:7      | Reached skill level 5 in Invocations
  7471 | D:8      | Found a hide-covered altar of Uskayaw.
  7473 | D:8      | Found a stormy altar of Qazlal.
  7474 | D:8      | Found a white marble altar of Elyvilon.
  7479 | D:8      | Noticed Maurice
  7518 | D:8      | Killed Maurice
  7518 | D:8      | Reached skill level 6 in Invocations
  7796 | D:8      | Found an iron altar of Okawaru.
  8277 | D:8      | Reached skill level 7 in Invocations
  8347 | D:8      | Noticed a manticore
  8357 | D:8      | Killed a manticore
  8357 | D:8      | Reached skill level 5 in Dodging
  8837 | D:9      | Reached XP level 10. HP: 79/81 MP: 15/15
  8910 | D:9      | Noticed Joseph
  8937 | D:9      | Killed Joseph
  8937 | D:9      | Reached skill level 8 in Invocations
  8943 | D:9      | Reached ****** piety under Cheibriados
  9493 | D:9      | Reached skill level 9 in Invocations
  9553 | D:9      | Found a deep blue altar of Sif Muna.
  9729 | D:10     | Entered Level 10 of the Dungeon
  9834 | D:10     | Found a staircase to the Lair.
 10230 | D:10     | Noticed a two-headed ogre
 10242 | D:10     | Killed a two-headed ogre
 10567 | D:10     | Reached skill level 10 in Invocations
 11270 | D:11     | Noticed Psyche
 11284 | D:11     | Killed Psyche
 11284 | D:11     | Reached skill level 1 in Stealth
 11284 | D:11     | Reached XP level 11. HP: 82/86 MP: 12/18
 11316 | D:11     | Noticed a white ugly thing
 11331 | D:11     | Killed a green ugly thing
 12100 | D:12     | Noticed Azrael
 12112 | D:12     | Killed from afar by Azrael

Skill      XL: |  1  2  3  4  5  6  7  8  9 10 11 |
---------------+----------------------------------+-----
Transmutations | 3 4 5 6 |  6.4
Unarmed Combat | 4 5 6 7 9 |  9.8
Poison Magic   | 1 4 |  4.0
Fighting       | 3 4 5 |  5.0
Dodging        | 2 3 5 7 |  7.6
Ice Magic      | 1 2 |  2.0
Invocations    | 4 7 10 | 10.0
Stealth        | 1 3 |  3.1
Spellcasting   | |  2.0

Action                   |  1- 3 |  4- 6 |  7- 9 | 10-12 || total
-------------------------+-------+-------+-------+-------++-------
Melee: Unarmed           |   146 |   126 |   441 |   232 ||   945
       Tailslap          |    13 |    13 |    97 |    68 ||   191
       Headbutt          |     8 |    17 |     1 |       ||    26
       Kick              |     3 |       |       |       ||     3
       Punch             |       |     1 |    17 |    17 ||    35
Throw: Javelin           |     2 |    24 |    28 |       ||    54
       Stone             |       |    12 |    30 |       ||    42
 Cast: Beastly Appendage |    20 |    11 |     1 |       ||    32
       Sticks to Snakes  |       |     6 |    28 |    25 ||    59
       Spider Form       |       |     2 |     2 |       ||     4
Invok: Slouch            |       |       |       |     2 ||     2
  Use: Scroll            |       |       |    19 |     8 ||    27
       Potion            |       |       |     2 |     2 ||     4
 Stab: Sleeping          |     2 |       |     7 |     3 ||    12
       Distracted        |       |     1 |     1 |     4 ||     6
  Eat: Chunk             |     4 |     3 |     7 |     2 ||    16
       Ration            |       |       |     1 |     2 ||     3
Armor: Skin              |    53 |    33 |   131 |    82 ||   299
Dodge: Dodged            |    75 |    91 |   264 |   191 ||   621
